 Dungeon Crawl Stone Soup version 0.31-a0-198-g2ad674f65e (webtiles) character file.

Game seed: 17075769861477590296

1456 qw the Skirmisher (level 8, 0/46 HPs)
             Began as a Deep Elf Hunter on June 25, 2023.
             Slain by Pikel
             ... wielding a +2 whip of electrocution
              (7 damage)
             ... on level 5 of the Dungeon.
             The game lasted 00:01:16 (3510 turns).

qw the Skirmisher (Deep Elf Hunter)                 Turns: 3510, Time: 00:01:17

Health: 0/46       AC:  7    Str: 10    XL:     8   Next: 47%
Magic:  10/10      EV: 12    Int: 15    God:
Gold:   243        SH:  0    Dex: 18    Spells: 7/7 levels left

rFire   . . .        a - +2 sling (heavy)
rCold   . . .        (no shield)
rNeg    . . .        f - +2 ring mail
rPois   +            (no helmet)
rElec   .            (no cloak)
rCorr   .            (no gloves)
SInv    .            (no boots)
Will    .....        d - amulet of regeneration
Stlth   +            o - ring of poison resistance
HPRegen 1.07/turn    e - +4 ring of slaying {mikee}
MPRegen 0.12/turn

%: no passive effects
@: lethally poisoned (0 -> -2)
A: no striking features
a: no special abilities


You were on level 5 of the Dungeon.
You visited 1 branch of the dungeon, and saw 6 of its levels.

You collected 271 gold pieces.
You spent 28 gold pieces at shops.


   Skills:
 - Level 3.4 Fighting
 + Level 12.4 Ranged Weapons
 - Level 2.7 Armour
 - Level 4.0 Dodging
 - Level 1.2 Stealth


You had 7 spell levels left.
You didn't know any spells.
Your spell library was empty.

Inventory:

Hand Weapons
 a - a +2 heavy sling (weapon)
Armour
 f - a +2 ring mail (worn)
 k - a +1 robe of fire resistance
Jewellery
 d - an amulet of regeneration (around neck)
 e - a +4 ring of slaying (right hand) {mikee}
 m - a ring of protection from fire
 n - a +6 ring of strength
 o - a ring of poison resistance (left hand)
 Y - a ring of see invisible
Scrolls
 c - a scroll of identify
Potions
 b - a potion of cancellation
 i - a potion of might
 l - a potion of haste
 p - a potion of brilliance {unknown}

Dungeon Overview and Level Annotations

Branches:
Dungeon (6/15)
 Temple: D:4-7

Altars:
Xom
Yredelemnul

Shops:
D:2 (   D:3 *

Annotations:
D:5 Pikel


Message History

You are poisoned.
The scorpion poisons you!
Pikel hits you with a +2 whip of electrocution.
The lemure hits you. The scorpion completely misses you.
Pikel hits you with a +2 whip of electrocution!
The lemure hits you.
You shoot a sling bullet.
The sling bullet hits Pikel but does no damage.
Pikel is moderately wounded.
You feel very sick. The scorpion barely misses you. Pikel closely misses you.
The lemure misses you.
You shoot a sling bullet. The sling bullet hits Pikel.
Pikel is moderately wounded.
You feel very sick. The scorpion stings you.
You are more poisoned.
The scorpion poisons you!
Pikel hits you with a +2 whip of electrocution.
The lemure hits you. The scorpion stings you.
3507 ||| DRINKING potion of heal wounds.
You feel much better.
You feel very sick. Pikel misses you. The lemure misses you.
The scorpion closely misses you.
You shoot a sling bullet. The sling bullet hits Pikel!
Pikel is heavily wounded.
You feel very sick. The scorpion misses you.
Pikel hits you with a +2 whip of electrocution.
The lemure hits you but does no damage.
You shoot a sling bullet. The sling bullet closely misses Pikel.
You feel very sick. The scorpion barely misses you.
Pikel hits you but does no damage. The lemure barely misses you.
The scorpion stings you. Pikel hits you but does no damage.
You are electrocuted!
The lemure barely misses you.
You shoot a sling bullet. The sling bullet closely misses Pikel.
You feel sick.
The scorpion stings you but does no damage.
Pikel hits you with a +2 whip of electrocution!
You die...

.)....# ##...## #########.#
.)....# ##'###### #.# ##.####
#.......# ##.# #.#
######..####.# #..#
#.#####...##..## #.# #.## #
#.........##...###.# #.# #
#######.........##.# #.# #
######..K5##.# #.# #
#..#@##.#######.# #
#..#s[..........# #
#.......######### # ##.######
#.# #.# #####.## #########
#......########.......#
########.###...........#####.#


You could see Pikel, a lemure and a scorpion.

Vanquished Creatures
  Prince Ribbit (D:5)
  An orc warrior (D:5)
  2 black bears (D:5)
  2 ice beasts
  3 lemures
  A phantom (D:4)
  A bullfrog (D:5)
  A scorpion (D:5)
  2 howler monkeys
  5 hounds
  2 jellies (D:5)
  4 iguanas
  2 orc wizards (D:5)
  5 gnolls (D:5)
  6 adders
  A shadow imp (D:5)
  A worm (D:5)
  A dart slug (D:4)
  6 orcs
  6 ball pythons
  3 bats
  5 endoplasms
  2 giant cockroaches
  6 hobgoblins
  2 quokkas (D:1)
  4 frilled lizards
  8 goblins
  6 kobolds
  4 rats
93 creatures vanquished.

Notes
Turn   | Place    | Note
-------+----------+-------------------------------------------
     0 | D:1      | qw the Deep Elf Hunter began the quest for the Orb.
     0 | D:1      | Reached XP level 1. HP: 12/12 MP: 3/3
     0 | D:1      | 0 ||| qw: Version: 0.3-a-22-g0ed2b0b
     0 | D:1      | 0 ||| qw: Game counter: 4975
     0 | D:1      | 0 ||| qw: Melee chars always use a shield: true
     0 | D:1      | 0 ||| qw: God list: Okawaru
     0 | D:1      | 0 ||| qw: Allow faded altars: false
     0 | D:1      | 0 ||| qw: Do Orc after clearing Dungeon:15 true
     0 | D:1      | 0 ||| qw: Do second Lair branch before Depths: true
     0 | D:1      | 0 ||| qw: Lair rune preference: random
     0 | D:1      | 0 ||| qw: Goals: Normal
     0 | D:1      | 0 ||| PLANNING D:1-11
   100 | D:1      | Reached skill level 6 in Ranged Weapons
   100 | D:1      | Reached XP level 2. HP: 16/16 MP: 4/4
   366 | D:1      | 366 ||| UPGRADING to +0 ring mail.
   376 | D:1      | 376 ||| DROPPING +0 leather armour.
   377 | D:1      | 377 ||| UPGRADING to ring of see invisible.
   378 | D:1      | 378 ||| READING scroll labelled XEAKHO YFREM.
   382 | D:1      | 382 ||| READING 2 scrolls labelled YSYEDIHOBUC.
   383 | D:1      | 383 ||| READING scroll of enchant armour.
   383 | D:1      | 383 ||| ENCHANTING +0 ring mail.
   384 | D:1      | 384 ||| DROPPING scroll of butterflies.
   413 | D:2      | 413 ||| SWAPPING to +2 heavy sling.
   414 | D:2      | 414 ||| DROPPING +0 shortbow.
   476 | D:2      | Found Sasailaa's Antique Weapon Shoppe.
   503 | D:2      | Found a basalt altar of Yredelemnul.
   808 | D:2      | Reached XP level 3. HP: 20/20 MP: 5/5
  1120 | D:2      | 1120 ||| DROPPING +6 ring of intelligence.
  1121 | D:2      | 1121 ||| READING scroll labelled GAK LOTOLAATZU.
  1122 | D:2      | 1122 ||| READING scroll labelled CUSULU GAETO.
  1123 | D:2      | 1123 ||| READING scroll labelled CEUGUJ BIYLESUREG.
  1124 | D:2      | 1124 ||| READING scroll labelled BOOFIG HEHE.
  1210 | D:3      | 1210 ||| READING scroll of enchant armour.
  1210 | D:3      | 1210 ||| ENCHANTING +1 ring mail.
  1318 | D:3      | Reached skill level 7 in Ranged Weapons
  1364 | D:3      | Found Uzeiborr's General Store.
  1373 | D:3      | 1373 ||| SHOPLISTING +2 pair of gloves of strength (301
                  | gold, have 145).
  1373 | D:3      | 1373 ||| SHOPLISTING +4 robe of Parts Unknown {+Blink rF+++
                  | rN+++ Str-2} (1211 gold, have 145).
  1373 | D:3      | 1373 ||| BUYING scroll of identify (28 gold).
  1373 | D:3      | Bought a scroll of identify for 28 gold pieces
  1473 | D:3      | 1473 ||| UPGRADING to amulet of regeneration.
  1478 | D:3      | 1478 ||| UPGRADING to +4 ring of slaying {mikee}.
  1479 | D:3      | 1479 ||| READING 2 scrolls of identify.
  1479 | D:3      | 1479 ||| IDENTIFYING viscous puce potion
  1725 | D:4      | Reached XP level 4. HP: 25/25 MP: 6/6
  1758 | D:4      | Noticed a phantom
  1761 | D:4      | Killed a phantom
  1762 | D:4      | Reached skill level 8 in Ranged Weapons
  1762 | D:4      | Reached XP level 5. HP: 26/29 MP: 7/7
  1862 | D:4      | Reached skill level 9 in Ranged Weapons
  2201 | D:4      | 2201 ||| READING 2 scrolls of identify.
  2201 | D:4      | 2201 ||| IDENTIFYING purple potion
  2211 | D:5      | Entered Level 5 of the Dungeon
  2219 | D:5      | Reached XP level 6. HP: 35/35 MP: 8/8
  2228 | D:5      | Found a shimmering altar of Xom.
  2296 | D:5      | Reached skill level 10 in Ranged Weapons
  2327 | D:5      | 2327 ||| Stepping ~*~*~tactically~*~*~ (outnumbered).
  2333 | D:5      | Reached skill level 3 in Dodging
  2406 | D:5      | Reached XP level 7. HP: 40/40 MP: 9/9
  2495 | D:5      | Reached skill level 11 in Ranged Weapons
  2674 | D:5      | 2674 ||| DRINKING potion of curing.
  2674 | D:5      | 2674 ||| (to cure confusion)
  2879 | D:5      | Reached skill level 12 in Ranged Weapons
  2915 | D:5      | Noticed Prince Ribbit
  2920 | D:5      | 2920 ||| UPGRADING to ring of poison resistance.
  2923 | D:5      | Killed Prince Ribbit
  2924 | D:5      | Reached XP level 8. HP: 44/44 MP: 10/10
  3094 | D:5      | 3094 ||| READING 2 scrolls of identify.
  3094 | D:5      | 3094 ||| IDENTIFYING ruby potion
  3201 | D:6      | 3201 ||| STAIRDANCE
  3201 | D:6      | HP: 5/45 [ice beast (9)]
  3206 | D:5      | HP: 11/45 [ice beast (1)]
  3206 | D:5      | HP: 3/45 [ice beast (8)]
  3211 | D:5      | Reached skill level 3 in Fighting
  3332 | D:6      | 3332 ||| FLEEEEING.
  3333 | D:6      | 3333 ||| FLEEEEING.
  3334 | D:6      | 3334 ||| FLEEEEING.
  3335 | D:6      | 3335 ||| FLEEEEING.
  3341 | D:6      | 3341 ||| FLEEEEING.
  3342 | D:6      | 3342 ||| FLEEEEING.
  3343 | D:6      | 3343 ||| FLEEEEING.
  3344 | D:6      | 3344 ||| FLEEEEING.
  3345 | D:6      | 3345 ||| STAIRDANCE
  3447 | D:5      | 3447 ||| DRINKING 2 fizzy cyan potions.
  3448 | D:5      | 3448 ||| READING 2 scrolls of identify.
  3448 | D:5      | 3448 ||| IDENTIFYING amethyst potion
  3454 | D:6      | Noticed Pikel
  3456 | D:6      | 3456 ||| STAIRDANCE
  3466 | D:6      | 3466 ||| STAIRDANCE
  3500 | D:6      | 3500 ||| STAIRDANCE
  3506 | D:5      | HP: 11/46 [scorpion (4)]
  3507 | D:5      | 3507 ||| DRINKING potion of heal wounds.
  3510 | D:5      | Slain by Pikel

Levels and vault maps discovered:
D:1:      wander_arrival_lonely_grave, layout_rooms, corner_web_ring
D:2:      layout_basic, serial_shops, nicolae_shop_just_a_little_nook,
          basic_altar, chequers_serial_rivers_micro_b, chequers_garden,
          hangedman_decor_growths, kennysheep_generic_room_4
D:3:      layout_rooms, serial_shops, shop
D:4:      layout_loops_corners, kennysheep_generic_room_15
D:5:      layout_loops_corners, xom_teletrap_fun, serial_glass, glass_columns_a,
          glass_columns_a, glass_columns_b, glass_columns_a, glass_columns_b,
          glass_columns_c, nrook_campfire, minmay_stone_trees_small,
          uniq_prince_ribbit1
D:6:      layout_layer_cave, lemuel_flamethrower_2, uniq_pikel

Skill      XL: |  1  2  3  4  5  6  7  8 |
---------------+-------------------------+-----
Ranged Weapons | 6 7 8 9 10 12 | 12.4
Fighting       | 2 3 |  3.4
Dodging        | 3 4 |  4.0
Armour         | 2 |  2.7
Stealth        | |  1.2

Action                     |  1- 3 |  4- 6 |  7- 9 || total
---------------------------+-------+-------+-------++-------
   Fire: Shortbow          |    21 |       |       ||    21
         Sling             |    62 |    38 |    96 ||   196
    Use: Scroll            |     9 |     1 |     2 ||    12
         Potion            |       |       |     3 ||     3
 Armour: Ring mail         |     7 |     7 |    41 ||    55
  Dodge: Dodged            |    12 |    11 |    77 ||   100

Table legend:
 A = Non-vault XP
 B = Vault XP
 C = Vault XP percentage of total XP
 D = Non-vault monster count
 E = Vault monster count
 F = Vault count percentage of total count
                 A         B        C        D         E       F
            +---------+---------+-------+---------+---------+-------
      Total |    1796 |     285 |  13.7 |      87 |       3 |   3.3
            +---------+---------+-------+---------+---------+-------
        D:1 |      18 |       0 |   0.0 |      11 |       0 |   0.0
        D:2 |      34 |       0 |   0.0 |      16 |       0 |   0.0
        D:3 |      33 |       0 |   0.0 |      13 |       0 |   0.0
        D:4 |     242 |      17 |   6.6 |      14 |       2 |  12.5
        D:5 |    1217 |     268 |  18.0 |      29 |       1 |   3.3
        D:6 |     252 |       0 |   0.0 |       4 |       0 |   0.0
            +---------+---------+-------+---------+---------+-------
